 Dungeon Crawl Stone Soup version 0.24-a0-140-gcaa6c10 (webtiles) character file.

Game seed: 3338573350659136641

3136 Lanoc the Grappler (level 9, -9/89 HPs)
             Began as a Troll Monk on Mar 5, 2019.
             Was an Elder of the Shining One.
             Mangled by a killer bee (11 damage)
             ... on level 7 of the Dungeon.
             The game lasted 00:08:38 (3686 turns).

Lanoc the Grappler (Troll Monk)                     Turns: 3686, Time: 00:08:39

Health: -9/89      AC:  6    Str: 27    XL:     9   Next: 61%
Magic:  8/8        EV: 13    Int:  6    God:    the Shining One [****..]
Gold:   168        SH:  3    Dex: 15    Spells: 8/8 levels left

rFire    . . .     SeeInvis .     - Unarmed
rCold    . . .     Gourm    +   (no shield)
rNeg     + + .     Faith    .   a - +0 robe
rPois    +         Spirit   .   (helmet restricted)
rElec    .         Reflect  +   (no cloak)
rCorr    .         Harm     .   (gloves unavailable)
MR       .....                  (boots unavailable)
Stlth    +.........             q - +3 amulet of reflection
HPRegen  0.64/turn              u - ring of poison resistance
MPRegen  0.11/turn              w - +6 ring of strength

@: lethally poisoned (-9 -> -9), glowing
A: large, unfitting armour, claws 3, fast metabolism 3, gourmand, regeneration
1, shaggy fur 1, tough skin 3
a: Divine Shield, Cleansing Flame, Renounce Religion


You were on level 7 of the Dungeon.
You worshipped the Shining One.
The Shining One was greatly pleased with you.
You were not hungry.

You visited 2 branches of the dungeon, and saw 9 of its levels.
You also visited: Sewer.

You collected 258 gold pieces.
You spent 90 gold pieces at shops.

Inventory:

Hand Weapons
 A - a +0 blowgun
Missiles
 y - 3 curare-tipped needles
Armour
 a - a +0 robe (worn)
Jewellery
 q - a +3 amulet of reflection (around neck)
 u - a ring of poison resistance (left claw)
 w - a +6 ring of strength (right claw)
Wands
 l - a wand of disintegration (9)
 m - a wand of iceblast (8)
Scrolls
 e - 4 scrolls of teleportation
 g - a scroll of magic mapping
 h - a scroll of amnesia
 k - a scroll of immolation {unknown}
 o - 2 scrolls of noise {unknown}
 s - a scroll of blinking {unknown}
 t - a scroll of enchant weapon
 v - a scroll of identify
 x - a scroll of torment {unknown}
Potions
 c - a potion of cancellation
 f - a potion of curing {unknown}
 i - 2 potions of lignification
 j - a potion of agility
 n - 2 potions of magic
 p - 2 potions of might
 r - a potion of mutation
 z - a potion of berserk rage {unknown}
Comestibles
 b - 10 rations


   Skills:
 + Level 6.2 Fighting
 + Level 6.1 Dodging
 - Level 1.0 Stealth
 * Level 10.0 Unarmed Combat


You had 8 spell levels left.
You didn't know any spells.
Your spell library contained the following spells:

 Spells                   Type           Power        Failure   Level  Hunger
 Magic Dart               Conj           #...         45%         1    ##.....
 Summon Small Mammal      Summ           #...         45%         1    ##.....
 Call Imp                 Summ           #.......     58%         2    ###....
 Ensorcelled Hibernation  Hex/Ice        #.....       58%         2    ###....
 Searing Ray              Conj           #.....       58%         2    ###....
 Call Canine Familiar     Summ           #.......     83%         3    ####...
 Confuse                  Hex            #.......     83%         3    ####...
 Dazzling Spray           Conj/Hex       #.....       83%         3    ####...
 Summon Guardian Golem    Hex/Summ       #.......     83%         3    ####...
 Cause Fear               Hex            #.........   99%         4    #####..
 Force Lance              Conj/Tloc      #.......     99%         4    #####..
 Fulminant Prism          Conj/Hex       #.........   99%         4    #####..
 Iskenderun's Mystic Bla  Conj           #.......     99%         4    #####..
 Summon Ice Beast         Ice/Summ       #.......     99%         4    #####..
 Summon Lightning Spire   Summ/Air       #.......     99%         4    #####..
 Borgnjor's Vile Clutch   Necr/Erth      #.........   100%        5    ######.
 Excruciating Wounds      Chrm/Necr      #.........   100%        5    ######.
 Silence                  Hex/Air        #.........   100%        5    ######.
 Summon Mana Viper        Hex/Summ       #.......     100%        5    ######.
 Yara's Violent Unravell  Hex/Tmut       #.........   100%        5    ######.
 Darkness                 Hex            #.........   100%        6    #######
 Deflect Missiles         Chrm/Air       #.........   100%        6    #######
 Shadow Creatures         Summ           N/A          100%        6    #######
 Discord                  Hex            #.........   100%        8    #######


Dungeon Overview and Level Annotations

Branches:
Dungeon (8/15)             Temple (1/1) D:4
   Lair: D:8-11

Altars:
Ashenzari
Cheibriados
Dithmenos
Elyvilon
Fedhas
Hepliaklqana
Kikubaaqudgha
Makhleb
Nemelex Xobeh
Okawaru
Qazlal
Ru
Sif Muna
Trog
Vehumet
Wu Jian
Xom
Yredelemnul
Zin
The Shining One

Shops:
D:5 }=%[?


Innate Abilities, Weirdness & Mutations

You are too large for most types of armour.
You have claws for hands.
Your metabolism is lightning-fast.
You like to eat raw meat.
Your natural rate of healing is unusually fast.
You are covered in fur. (AC +1)
You have extremely tough skin. (AC +3)


Message History

The killer bee rages.
The killer bee stings you!
* * * LOW HITPOINT WARNING * * *
The killer bee barely misses you.
A killer bee comes into view.
The killer bee buzzes angrily.
You feel sick.
The killer bee rages. x4
The killer bee stings you!
* * * LOW HITPOINT WARNING * * *
The killer bee barely misses you.
There is a stone staircase leading up here.
You feel sick. The killer bee stings you!
* * * LOW HITPOINT WARNING * * *
The killer bee barely misses you. The killer bee misses you.
You climb upwards.
You feel sick.
There is a stone staircase leading down here.
It was a potion of cancellation.
You feel magically purged.
You feel sick. The killer bee stings you!
You die...

###.#.###.#.###.#.###..#
....#.....#.....#......#
.#.....#.....#........##
.#.###.#.###.#.###...##
.#.....#..(..#......##
....#.....#....)...##
###.#)###.#.###...######
....#.(...#............#
.#.....#........@.####.#
.#.###.#.###.....y# #.#
.#.....#.......#..# #.#
.............#.#..# #.#
...............#..####.#
..###..........#..[....#
..# ####.####..#.####..#
### #.##.#..#.# #..# #
#.#.#...#.# #..#


You could see a killer bee (berserk).

Vanquished Creatures
  A kobold demonologist (D:7)
  Eustachio (D:5)
  A hungry ghost (D:7)
  Menkaure (D:7)
  An orc warrior (D:7)
  Purgy (Sewer)
  An ice beast (D:7)
  A phantom (D:7)
  2 sky beasts (D:7)
  2 ogres
  A big kobold (D:7)
  5 bullfrogs
  A water moccasin zombie (D:5)
  2 scorpions
  2 killer bees
  3 wights (D:6)
  A howler monkey (D:7)
  A crimson imp (D:6)
  A centaur zombie (D:6)
  3 bullfrog zombies
  5 hounds
  4 bullfrog skeletons
  A centaur skeleton (D:5)
  A gnoll shaman (D:6)
  2 orc wizards
  An iguana (D:7)
  A worker ant (D:4)
  A killer bee zombie (D:7)
  A hound skeleton (D:4)
  2 hound zombies (D:5)
  A howler monkey skeleton (D:6)
  16 gnolls
  8 adders
  2 shadow imps (D:6)
  2 oozes
  3 adder skeletons
  2 leopard geckos (D:3)
  17 orcs
  3 ball pythons
  3 bats
  4 giant cockroaches
  3 hobgoblins
  3 jackals (D:2)
  A quokka (D:5)
  3 frilled lizards
  A goblin (D:3)
  13 kobolds
  2 leopard gecko skeletons (D:5)
  2 quokka zombies (D:5)
  3 rats (D:3)
143 creatures vanquished.

Vanquished Creatures (others)
  A worm (D:5)
  A withered plant (D:5)
2 creatures vanquished.

Grand Total: 145 creatures vanquished

Notes
Turn   | Place    | Note
-------+----------+-------------------------------------------
     0 | D:1      | Lanoc the Troll Monk began the quest for the Orb.
     0 | D:1      | Reached XP level 1. HP: 22/22 MP: 0/0
    30 | D:2      | Reached XP level 2. HP: 29/29 MP: 1/1
    72 | D:3      | Reached XP level 3. HP: 34/36 MP: 2/2
   243 | D:3      | Found a blossoming altar of Fedhas.
   267 | D:3      | Found a sparkling altar of Nemelex Xobeh.
   271 | D:3      | Found a stormy altar of Qazlal.
   271 | D:3      | Found a sacrificial altar of Ru.
   273 | D:3      | Found a snail-covered altar of Cheibriados.
   297 | D:3      | Reached skill level 4 in Unarmed Combat
   297 | D:3      | Reached XP level 4. HP: 36/44 MP: 3/3
   495 | D:3      | Found an iron altar of Okawaru.
   496 | D:3      | Found a shadowy altar of Dithmenos.
   725 | D:4      | Reached XP level 5. HP: 37/53 MP: 4/4
   791 | D:4      | Found a staircase to the Ecumenical Temple.
   820 | Temple   | Entered the Ecumenical Temple
   843 | Temple   | Became a worshipper of the Shining One
   843 | Temple   | Reached * piety under the Shining One
   843 | Temple   | Reached ** piety under the Shining One
  1023 | D:4      | Found a bloodstained altar of Trog.
  1066 | D:4      | Reached skill level 5 in Unarmed Combat
  1293 | D:5      | Entered Level 5 of the Dungeon
  1295 | D:5      | Found a glowing drain.
  1298 | D:5      | Noticed an ogre
  1307 | D:5      | Killed an ogre
  1307 | D:5      | Reached XP level 6. HP: 61/61 MP: 5/5
  1307 | D:5      | Noticed Eustachio
  1327 | D:5      | Killed Eustachio
  1407 | Sewer    | Entered a sewer
  1411 | Sewer    | Noticed Purgy
  1417 | Sewer    | Killed Purgy
  1417 | Sewer    | Reached skill level 6 in Unarmed Combat
  1417 | Sewer    | Reached XP level 7. HP: 55/70 MP: 6/6
  1572 | D:5      | Identified the Collected Works on Curses and Talismans
  1650 | D:5      | Found Yhoavo's Magic Scroll Emporium.
  1659 | D:5      | Bought a scroll of magic mapping for 42 gold pieces
  1659 | D:5      | Bought a scroll of teleportation for 36 gold pieces
  1659 | D:5      | Bought a scroll of random uselessness for 12 gold pieces
  1689 | D:5      | Found Onybaet's Food Emporium.
  1798 | D:5      | Found Qesezex's Armour Boutique.
  1798 | D:5      | Reached *** piety under the Shining One
  1863 | D:5      | Found a burning altar of Makhleb.
  1866 | D:5      | Reached skill level 7 in Unarmed Combat
  1871 | D:5      | Found Moreh's Gadget Boutique.
  1897 | D:5      | Found Qofuwal's Jewellery Shop.
  2118 | D:6      | Reached XP level 8. HP: 79/79 MP: 7/7
  2466 | D:6      | Reached skill level 8 in Unarmed Combat
  2472 | D:6      | Reached skill level 5 in Dodging
  2477 | D:6      | Reached skill level 5 in Fighting
  2848 | D:7      | Reached **** piety under the Shining One
  2944 | D:7      | Reached XP level 9. HP: 71/88 MP: 8/8
  2960 | D:7      | Reached skill level 9 in Unarmed Combat
  3143 | D:7      | Noticed Menkaure
  3149 | D:7      | Killed Menkaure
  3187 | D:7      | Noticed a kobold demonologist
  3195 | D:7      | Killed a kobold demonologist
  3615 | D:7      | Reached skill level 10 in Unarmed Combat
  3656 | D:8      | Noticed a queen bee
  3684 | D:8      | HP: 2/89 [killer bee (13)]
  3686 | D:7      | Mangled by a killer bee

Levels and vault maps discovered:
D:1:      dpeg_arrival_arbitrary_b, layout_basic, minmay_pentomino_u2
D:2:      layout_basic, chequers_serial_rivers_micro_d, uniq_jessica
D:3:      minmay_octagon_keep, layout_basic, minitemple,
          nicolae_overflow_hidden_temple, grunt_decor_one_mirror,
          serial_bayou_pond_d
D:4:      layout_loops_ring, bloody_trog, temple_green, first_ration
D:5:      layout_basic, overflow_temple_1_default, serial_shops,
          nicolae_shop_competitors_out_of_business, kennysheep_mini, shop,
          nicolae_shop_stone, shop, cheibrodos_sewer_entry_sluice,
          serial_undead, serial_undead_b, serial_undead_b, serial_undead_a,
          serial_undead_c, uniq_eustachio
D:6:      layout_basic
D:7:      hangedman_cross_stitches, layout_loops_ring, uniq_menkaure
D:8:      lemuel_insect_pit, layout_basic, serial_shops, nicolae_shop_trees,
          david_nohive_1, uniq_erica, uniq_joseph, uniq_maurice
Temple:   minmay_temple_bridge_abc
Sewer:    kennysheep_door_sewer

Skill      XL: |  1  2  3  4  5  6  7  8  9 |
---------------+----------------------------+-----
Unarmed Combat | 4 5 6 7 8 10 | 10.0
Dodging        | 3 4 5 6 |  6.1
Fighting       | 3 4 5 6 |  6.2
Stealth        | |  1.0

Action                   |  1- 3 |  4- 6 |  7- 9 || total
-------------------------+-------+-------+-------++-------
Melee: Unarmed           |    59 |    87 |   264 ||   410
       Punch             |       |     2 |     8 ||    10
  Use: Scroll            |       |       |     9 ||     9
       Potion            |       |       |     1 ||     1
 Stab: Sleeping          |     2 |       |       ||     2
       Distracted        |     1 |       |       ||     1
  Eat: Chunk             |     8 |    11 |    19 ||    38
Armor: Robe              |    14 |    41 |    67 ||   122
Dodge: Dodged            |    34 |    86 |   153 ||   273
Block: Other             |       |       |    15 ||    15
       Reflection        |       |       |     1 ||     1

Table legend:
 A = Non-vault XP
 B = Vault XP
 C = Vault XP percentage of total XP
 D = Non-vault monster count
 E = Vault monster count
 F = Vault count percentage of total count
                 A         B        C        D         E       F
            +---------+---------+-------+---------+---------+-------
      Total |    3160 |    1321 |  29.5 |     110 |      34 |  23.6
            +---------+---------+-------+---------+---------+-------
        D:1 |       1 |       0 |   0.0 |       1 |       0 |   0.0
        D:2 |      15 |       0 |   0.0 |       5 |       0 |   0.0
        D:3 |      83 |      55 |  39.9 |      16 |      11 |  40.7
        D:4 |     202 |       0 |   0.0 |      11 |       0 |   0.0
        D:5 |     616 |     306 |  33.2 |      19 |       9 |  32.1
        D:6 |     841 |       0 |   0.0 |      31 |       0 |   0.0
        D:7 |    1363 |     758 |  35.7 |      26 |       7 |  21.2
        D:8 |      39 |      59 |  60.2 |       1 |       1 |  50.0
      Sewer |       0 |     143 | 100.0 |       0 |       6 | 100.0
            +---------+---------+-------+---------+---------+-------
